 Dungeon Crawl Stone Soup version 0.23.0 (webtiles) character file.

Game seed: 4883415051859134570

8 leoctaniaaa the Grave Robber (level 2, -1/20 HPs)
             Began as a Hill Orc Necromancer on Feb 11, 2019.
             Slain by a hobgoblin
             ... wielding a cursed +0 club
              (4 damage)
             ... on level 1 of the Dungeon.
             The game lasted 00:10:40 (342 turns).

leoctaniaaa the Grave Robber (Hill Orc Necromancer)  Turns: 342, Time: 00:10:41

Health: -1/20      AC:  4    Str: 10    XL:     2   Next: 8%
Magic:  4/4        EV: 12    Int: 15    God:
Gold:   46         SH:  0    Dex: 11    Spells: 2/4 levels left

rFire    . . .     SeeInvis .   b - +0 spear
rCold    . . .     Gourm    .   (no shield)
rNeg     . . .     Faith    .   a - +2 robe
rPois    .         Spirit   .   (no helmet)
rElec    .         Reflect  .   (no cloak)
rCorr    .         Harm     .   (no gloves)
MR       .....                  (no boots)
Stlth    ++........             (no amulet)
HPRegen  0.06/turn              (no ring)
MPRegen  0.09/turn              (no ring)

@: no status effects
A: no striking features
a: no special abilities


You were on level 1 of the Dungeon.
You were completely stuffed.

You visited 1 branch of the dungeon, and saw 1 of its levels.

You collected 46 gold pieces.

Inventory:

Hand Weapons
 b - a +0 spear (weapon)
Armour
 a - a +2 robe (worn)
 c - a +0 robe
Jewellery
 d - a cursed ring of teleportation {unknown}
Potions
 e - a potion of magic {unknown}
Comestibles
 f - a chunk of flesh
 g - 2 inedible chunks of flesh


   Skills:
 + Level 0.2 Fighting
 + Level 0.2 Polearms
 + Level 1.5 Dodging
 + Level 1.5 Stealth
 + Level 1.5 Spellcasting
 + Level 4.3 Necromancy


You had 2 spell levels left.
You knew the following spells:

 Your Spells              Type           Power        Failure   Level  Hunger
a - Pain                  Necr           ##..         3%          1    ##.....
b - Animate Skeleton      Necr           N/A          3%          1    ##.....

Your spell library contained the following spells:

 Spells                   Type           Power        Failure   Level  Hunger
 Vampiric Draining        Necr           ##........   12%         3    ####...
 Regeneration             Chrm/Necr      #.........   28%         3    ####...
 Animate Dead             Necr           N/A          36%         4    #####..


Dungeon Overview and Level Annotations

Branches:
Dungeon (1/15)

Altars:


Message History

Your rat skeleton closely misses the hobgoblin.
You see here a stone.
Your rat skeleton misses the hobgoblin.
You closely miss the hobgoblin.
The hobgoblin hits you with a cursed +0 club.
* * * LOW HITPOINT WARNING * * *
The hobgoblin hits you but does no damage.
Your rat skeleton barely misses the hobgoblin.
The hobgoblin hits you but does no damage.
Your rat skeleton barely misses the hobgoblin.
Your rat skeleton bites the hobgoblin but does no damage.
The hobgoblin hits you with a cursed +0 club.
* * * LOW HITPOINT WARNING * * *
You barely miss the hobgoblin.
Your rat skeleton bites the hobgoblin.
The hobgoblin barely misses you.
You closely miss the hobgoblin.
The hobgoblin is heavily wounded.
Your rat skeleton bites the hobgoblin but does no damage.
The hobgoblin hits you with a cursed +0 club.
You die...

#..(..........##.........
##.................#..###
##........##..##....#...
###..)......#......##..>.
#..((####%..##..#........
##.#.#####...#..#........#
#........(%...............
#.................†.......
#........@................
#........g.......#########
##.......Z....#..# #
#........#...#..# #
#...........##..#****** * *******
#........##......,,,,,* * ,,,,,,*
###...............,,,,* *
,*********#............,,,,,,,***
,**,,*,.........####..,,,,,,,,,,,


You could see a hobgoblin and a friendly rat skeleton.

Vanquished Creatures
  3 goblins (D:1)
  A hobgoblin (D:1)
  A ball python (D:1)
  A bat (D:1)
  A kobold (D:1)
  A rat (D:1)
8 creatures vanquished.

Vanquished Creatures (collateral kills)
  A rat (D:1)
1 creature vanquished.

Grand Total: 9 creatures vanquished

Notes
Turn   | Place    | Note
-------+----------+-------------------------------------------
     0 | D:1      | leoctaniaaa the Hill Orc Necromancer began the quest for
                  | the Orb.
     0 | D:1      | Reached XP level 1. HP: 14/14 MP: 3/3
   253 | D:1      | Learned a level 1 spell: Animate Skeleton
   273 | D:1      | Reached XP level 2. HP: 8/20 MP: 4/4
   342 | D:1      | Slain by a hobgoblin

Action                   || total
-------------------------++-------
Melee: Spear             ||    32
 Cast: Animate Skeleton  ||     4
  Use: Scroll            ||     6
  Eat: Ration            ||     2
Armor: Robe              ||     6
Dodge: Dodged            ||    23
